 Dungeon Crawl Stone Soup version 0.29.0-4-gdea44cf6ec (webtiles) character file.

Game seed: 14363605180696595737

1091 qw the Cleaver (level 8, -5/48 HPs)
             Began as a Tengu Warper on Aug 29, 2022.
             Slain by Pikel
             ... wielding a +2 whip of freezing
              (7 damage)
             ... on level 6 of the Dungeon.
             The game lasted 00:00:35 (6613 turns).

qw the Cleaver (Tengu Warper)                       Turns: 6613, Time: 00:00:36

Health: -5/48      AC: 12    Str: 13    XL:     8   Next: 31%
Magic:  12/12      EV:  7    Int: 13    God:
Gold:   259        SH:  0    Dex: 15    Spells: 11/11 levels left

rFire   . . .      SeeInvis .   Y - +0 hand axe (drain)
rCold   . . .      Faith    .   (no shield)
rNeg    . . .      Spirit   .   o - +0 chain mail "Dethrio" {-Cast rCorr Slay+3}
rPois   .          Reflect  .   (helmet restricted)
rElec   .          Harm     .   i - +2 cloak
rCorr   +          Rampage  .   (no gloves)
Will    .....      NoCast   +   (boots unavailable)
Stlth   ..........              (no amulet)
HPRegen 0.16/turn               (no ring)
MPRegen 0.13/turn               (no ring)

@: about to teleport, flying quickly and evasively, quick
A: beak, talons 3, nimble flight
a: no special abilities


You were on level 6 of the Dungeon.
You visited 1 branch of the dungeon, and saw 6 of its levels.

You collected 259 gold pieces.


Innate Abilities, Weirdness & Mutations

You have a beak for a mouth.
You have claws for feet.
Your magical nature lets you fly swiftly and evasively.


   Skills:
 - Level 4.1 Fighting
 + Level 9.4 Axes
 - Level 1.0 Throwing
 - Level 3.0 Armour
 - Level 2.1 Dodging
 - Level 2.0 Spellcasting
 - Level 2.4 Translocations


You had 11 spell levels left.
You didn't know any spells.
Your spell library contained the following spells:

 Spells                   Type           Power      Damage    Failure   Level
 Blink                    Tloc           14%        N/A       99%         2
 Gell's Gravitas          Tloc           7%         N/A       100%        3
 Lesser Beckoning         Tloc           7%         N/A       100%        3
 Teleport Other           Tloc           7%         N/A       100%        3
 Manifold Assault         Tloc           7%         N/A       100%        5

Inventory:

Hand Weapons
 j - a +2 demon whip of electrocution
 Y - a +0 hand axe of draining (weapon)
Missiles
 f - 5 boomerangs (quivered)
Armour
 e - a +0 plate armour
 i - a +2 cloak (worn)
 o - the +0 chain mail "Dethrio" (worn) {-Cast rCorr Slay+3}
   (You found it on level 2 of the Dungeon)

   Slay:      It affects your accuracy & damage with ranged weapons and melee
   (+3).
   -Cast:     It prevents spellcasting.
   rCorr:     It protects you from acid and corrosion.
Scrolls
 b - a scroll of identify
Potions
 a - a potion of curing
 c - a potion of ambrosia {unknown}
 d - a potion of might
 h - a potion of haste
 m - a potion of resistance {unknown}

Dungeon Overview and Level Annotations

Branches:
Dungeon (6/15)
 Temple: D:4-7

Altars:
Elyvilon
Fedhas
Hepliaklqana
Ru
Trog
The Shining One

Annotations:
D:5 2 transporters, qw's ghost, amateur TeWr
D:6 Pikel


Message History

Pikel freezes you. The lemure hits you but does no damage.
You closely miss the lemure. Your kick misses the lemure.
The lemure is heavily wounded.
You hit Pikel but do no damage.
Pikel hits you with a +2 whip of freezing.
Pikel freezes you. The lemure closely misses you.
A lemure comes into view.
6605 ||| Stepping ~*~*~tactically~*~*~ (stealth).
You hit the lemure. You claw the lemure. You punch the lemure.
You kill the lemure!
That felt strangely unrewarding.
You hit Pikel. You drain Pikel. Pikel completely misses you.
You closely miss Pikel.
The lemure shouts!
You claw Pikel, but do no damage.
Pikel is lightly wounded.
Pikel hits you but does no damage.
You slash Pikel! You claw Pikel.
Pikel is moderately wounded.
Pikel hits you with a +2 whip of freezing.
Pikel freezes you.
You hit Pikel.
Pikel is moderately wounded.
You hit Pikel. You claw Pikel!
Pikel is severely wounded.
Pikel hits you but does no damage.
You barely miss Pikel. Your kick misses Pikel.
Pikel is severely wounded.
You hit the lemure but do no damage. Pikel hits you but does no damage.
The lemure hits you but does no damage.
You hit Pikel. You drain Pikel.
Pikel is severely wounded.
You hit the lemure.
Pikel hits you with a +2 whip of freezing!
Pikel freezes you. The lemure hits you but does no damage.
6613 ||| READING scroll of teleportation.
As you read the scroll of teleportation, it crumbles to dust.
You feel strangely unstable.
Pikel hits you with a +2 whip of freezing!
You die...

#.##.#.. #.##.#.# ..
#....#.# ... +..#.#.#
##?# #..#...# ##...
#..%...###### #.<####
#.##........###.....$
#:##......#......###
####.#.##..@K.#..5.#
#.#..#...5...##.#
####.##.%......##
.........#####..#
####....## ##.#
#..#.### #.####
#..##...# #.%~.####
#.. ###.# #........
... #.# #.####..#


You could see Pikel (drained) and a lemure.

Vanquished Creatures
  A water moccasin (D:5)
  2 sky beasts (D:6)
  An ice beast (D:6)
  An ogre (D:5)
  3 lemures (D:6)
  A phantom (D:6)
  2 scorpions
  A howler monkey (D:4)
  3 hounds
  A jelly (D:5)
  4 iguanas
  7 adders
  A shadow imp (D:5)
  A white imp (D:5)
  3 worms
  A dart slug (D:1)
  9 orcs (D:5)
  8 ball pythons
  8 endoplasms
  A giant cockroach (D:2)
  8 goblins
  4 hobgoblins
  5 jackals
  5 kobolds
  4 quokkas
  8 bats
  8 frilled lizards
  6 rats
107 creatures vanquished.

Vanquished Creatures (others)
  6 plants (D:5)
6 creatures vanquished.

Grand Total: 113 creatures vanquished

Notes
Turn   | Place    | Note
-------+----------+-------------------------------------------
     0 | D:1      | qw the Tengu Warper began the quest for the Orb.
     0 | D:1      | Reached XP level 1. HP: 12/12 MP: 4/4
     0 | D:1      | 0 ||| qw: Version: 0.1-a-89-g26bdef1
     0 | D:1      | 0 ||| qw: Game counter: 3470
     0 | D:1      | 0 ||| qw: Always use a shield: true
     0 | D:1      | 0 ||| qw: God list: Okawaru
     0 | D:1      | 0 ||| qw: Allow faded altars: false
     0 | D:1      | 0 ||| qw: Do Orc after D:15 true
     0 | D:1      | 0 ||| qw: Do second Lair branch before Depths: true
     0 | D:1      | 0 ||| qw: Lair rune preference: random
     0 | D:1      | 0 ||| qw: Plans: Normal
     0 | D:1      | 0 ||| PLANNING D:1-11
   340 | D:1      | 340 ||| Stepping ~*~*~tactically~*~*~ (stealth).
   352 | D:1      | 352 ||| Stepping ~*~*~tactically~*~*~ (stealth).
   356 | D:1      | Reached XP level 2. HP: 17/17 MP: 6/6
   361 | D:1      | Reached skill level 3 in Axes
   363 | D:1      | 363 ||| Stepping ~*~*~tactically~*~*~ (stealth).
   364 | D:1      | 364 ||| Stepping ~*~*~tactically~*~*~ (stealth).
   369 | D:1      | 369 ||| Stepping ~*~*~tactically~*~*~ (stealth).
   397 | D:1      | 397 ||| Stepping ~*~*~tactically~*~*~ (stealth).
   398 | D:1      | 398 ||| Stepping ~*~*~tactically~*~*~ (stealth).
   401 | D:1      | 401 ||| Stepping ~*~*~tactically~*~*~ (stealth).
   403 | D:1      | 403 ||| Stepping ~*~*~tactically~*~*~ (stealth).
   409 | D:1      | 409 ||| Stepping ~*~*~tactically~*~*~ (stealth).
   414 | D:1      | 414 ||| Stepping ~*~*~tactically~*~*~ (stealth).
   714 | D:1      | Reached XP level 3. HP: 18/21 MP: 7/7
   806 | D:1      | 806 ||| SWAPPING to +0 hand axe of draining.
   807 | D:1      | 807 ||| DROPPING +0 hand axe.
  1117 | D:1      | 1117 ||| UPGRADING to +0 chain mail.
  1127 | D:1      | 1127 ||| DROPPING +0 leather armour.
  1128 | D:1      | 1128 ||| DROPPING ring of flight.
  1129 | D:1      | 1129 ||| READING scroll labelled SUV OGAPTYU.
  1130 | D:1      | 1130 ||| READING scroll labelled JUCLIQULES.
  1131 | D:1      | 1131 ||| DRINKING 2 blue potions.
  1132 | D:1      | 1132 ||| DRINKING 2 brown potions.
  1133 | D:1      | 1133 ||| DROPPING scroll of blinking.
  1164 | D:2      | Reached skill level 4 in Axes
  1199 | D:2      | 1199 ||| Stepping ~*~*~tactically~*~*~ (stealth).
  1200 | D:2      | 1200 ||| Stepping ~*~*~tactically~*~*~ (stealth).
  1472 | D:2      | Found a faded altar of an unknown god.
  1643 | D:2      | 1643 ||| Stepping ~*~*~tactically~*~*~ (stealth).
  1691 | D:2      | Reached XP level 4. HP: 26/26 MP: 8/8
  1714 | D:2      | 1714 ||| Stepping ~*~*~tactically~*~*~ (stealth).
  1968 | D:2      | Reached skill level 5 in Axes
  1977 | D:2      | Identified the +0 chain mail "Dethrio" {-Cast rCorr Slay+3}
  2173 | D:2      | 2173 ||| UPGRADING to +0 chain mail "Dethrio" {-Cast rCorr
                  | Slay+3}.
  2183 | D:2      | 2183 ||| DROPPING +0 chain mail.
  2184 | D:2      | 2184 ||| READING 2 scrolls labelled REOKHL WEHED.
  2185 | D:2      | 2185 ||| READING scroll labelled NUNLACK ELOA.
  2186 | D:2      | 2186 ||| READING scroll labelled LAKOBLEFFI.
  2187 | D:2      | 2187 ||| READING scroll labelled QARREA POARR.
  2188 | D:2      | 2188 ||| DROPPING scroll of magic mapping.
  2297 | D:3      | 2297 ||| Stepping ~*~*~tactically~*~*~ (stealth).
  2298 | D:3      | 2298 ||| Stepping ~*~*~tactically~*~*~ (stealth).
  2300 | D:3      | 2300 ||| Stepping ~*~*~tactically~*~*~ (hiding).
  2486 | D:3      | Found a sacrificial altar of Ru.
  2510 | D:3      | Found a blossoming altar of Fedhas.
  2605 | D:3      | Found a glowing golden altar of the Shining One.
  2605 | D:3      | Found a white marble altar of Elyvilon.
  2907 | D:3      | 2907 ||| READING 4 scrolls of identify.
  2907 | D:3      | 2907 ||| IDENTIFYING red potion
  2908 | D:3      | 2908 ||| READING 3 scrolls of identify.
  2908 | D:3      | 2908 ||| IDENTIFYING gluggy clear potion
  2909 | D:3      | 2909 ||| READING 2 scrolls of identify.
  2909 | D:3      | 2909 ||| IDENTIFYING orange potion
  2910 | D:3      | 2910 ||| DROPPING potion of flight.
  2952 | D:4      | 2952 ||| PLANNING SEWER
  2997 | D:4      | Noticed a scorpion
  3005 | D:4      | HP: 5/26 [poisoned by a scorpion]
  3006 | D:4      | 3006 ||| DRINKING potion of heal wounds.
  3007 | D:4      | Killed a scorpion
  3008 | D:4      | Reached skill level 6 in Axes
  3008 | D:4      | Gained mutation: Your magical nature lets you fly swiftly
                  | and evasively. [Tengu growth]
  3008 | D:4      | Reached XP level 5. HP: 24/30 MP: 9/9
  3400 | D:4      | 3400 ||| Stepping ~*~*~tactically~*~*~ (stealth).
  3609 | D:4      | 3609 ||| RIP SEWER
  3610 | D:4      | 3610 ||| PLANNING D:1-11
  3621 | D:4      | Reached XP level 6. HP: 29/35 MP: 10/10
  4241 | D:4      | Found a bloodstained altar of Trog.
  4580 | D:4      | 4580 ||| READING scroll labelled MELOVV FAUCE.
  4581 | D:4      | 4581 ||| READING scroll labelled POMIEXTUO NIUPNU.
  4682 | D:4      | 4682 ||| READING scroll labelled UCICUO NIEZXIF.
  4686 | D:4      | 4686 ||| READING scroll labelled DUW AQ MAISUO.
  4687 | D:4      | 4687 ||| READING 2 scrolls of identify.
  4687 | D:4      | 4687 ||| IDENTIFYING golden potion
  4688 | D:4      | 4688 ||| DROPPING potion of attraction.
  4689 | D:4      | 4689 ||| Stepping randomly (stuck).
  4690 | D:4      | 4690 ||| Stepping ~*~*~tactically~*~*~ (cloud).
  4863 | D:5      | Entered Level 5 of the Dungeon
  4894 | D:5      | 4894 ||| DROPPING +0 club.
  4948 | D:5      | 4948 ||| Stepping ~*~*~tactically~*~*~ (stealth).
  4956 | D:5      | 4956 ||| Stepping ~*~*~tactically~*~*~ (stealth).
  4977 | D:5      | 4977 ||| FLEEEEING.
  4982 | D:5      | 4982 ||| FLEEEEING.
  4984 | D:5      | 4984 ||| FLEEEEING.
  4995 | D:5      | 4995 ||| FLEEEEING.
  4996 | D:5      | 4996 ||| FLEEEEING.
  5304 | D:5      | Reached skill level 7 in Axes
  5335 | D:5      | Reached skill level 3 in Fighting
  5357 | D:5      | 5357 ||| Stepping ~*~*~tactically~*~*~ (stealth).
  5359 | D:5      | 5359 ||| Stepping ~*~*~tactically~*~*~ (stealth).
  5361 | D:5      | 5361 ||| Stepping ~*~*~tactically~*~*~ (stealth).
  5362 | D:5      | 5362 ||| Stepping ~*~*~tactically~*~*~ (stealth).
  5363 | D:5      | 5363 ||| Stepping ~*~*~tactically~*~*~ (stealth).
  5468 | D:5      | Noticed a water moccasin
  5470 | D:5      | 5470 ||| Stepping ~*~*~tactically~*~*~ (stealth).
  5471 | D:5      | 5471 ||| Stepping ~*~*~tactically~*~*~ (stealth).
  5476 | D:5      | Killed a water moccasin
  5477 | D:5      | Reached XP level 7. HP: 39/41 MP: 11/11
  5484 | D:5      | Reached skill level 8 in Axes
  5699 | D:5      | 5699 ||| Stepping ~*~*~tactically~*~*~ (stealth).
  5700 | D:5      | 5700 ||| Stepping ~*~*~tactically~*~*~ (stealth).
  5701 | D:5      | 5701 ||| Stepping ~*~*~tactically~*~*~ (stealth).
  5702 | D:5      | 5702 ||| Stepping ~*~*~tactically~*~*~ (stealth).
  5769 | D:5      | 5769 ||| Stepping ~*~*~tactically~*~*~ (stealth).
  5806 | D:5      | Found a transporter.
  5815 | D:5      | Found a transporter.
  5817 | D:5      | Noticed qw's ghost (amateur TeWr)
  6101 | D:5      | Found a hazy altar of Hepliaklqana.
  6306 | D:5      | 6306 ||| UPGRADING to +0 cloak.
  6311 | D:5      | 6311 ||| READING 2 scrolls labelled XEUBREEPRI.
  6312 | D:5      | 6312 ||| READING scroll of enchant armour.
  6312 | D:5      | 6312 ||| ENCHANTING +0 cloak.
  6313 | D:5      | 6313 ||| DRINKING 2 fizzy clear potions.
  6314 | D:5      | 6314 ||| DROPPING potion of invisibility.
  6333 | D:6      | Reached skill level 3 in Armour
  6352 | D:6      | 6352 ||| DROPPING +0 whip.
  6374 | D:6      | Reached skill level 9 in Axes
  6374 | D:6      | Reached XP level 8. HP: 46/46 MP: 12/12
  6392 | D:6      | 6392 ||| Stepping ~*~*~tactically~*~*~ (stealth).
  6394 | D:6      | 6394 ||| Stepping ~*~*~tactically~*~*~ (stealth).
  6403 | D:6      | 6403 ||| READING scroll of enchant armour.
  6403 | D:6      | 6403 ||| ENCHANTING +1 cloak.
  6587 | D:6      | 6587 ||| Stepping ~*~*~tactically~*~*~ (stealth).
  6588 | D:6      | 6588 ||| Stepping ~*~*~tactically~*~*~ (stealth).
  6589 | D:6      | 6589 ||| Stepping ~*~*~tactically~*~*~ (stealth).
  6593 | D:6      | Noticed Pikel
  6605 | D:6      | 6605 ||| Stepping ~*~*~tactically~*~*~ (stealth).
  6612 | D:6      | HP: 4/48 [Pikel/+2 whip of freezing (9)]
  6612 | D:6      | HP: 1/48 [Pikel/+2 whip of freezing (3)]
  6613 | D:6      | 6613 ||| READING scroll of teleportation.
  6613 | D:6      | Slain by Pikel

Levels and vault maps discovered:
D:1:      mrwooster_arrival_statue_3, layout_loops_cross, minmay_tetromino_i4
D:2:      layout_basic, ebering_ecumenical_altar_sacrificial, minmay_cupped
D:3:      wander_river, layout_basic, nicolae_ru_awakened_eye,
          gammafunk_temple_overflow_pools, fedhas_ov_isle_minmay
D:4:      layout_layer_cave, kennysheep_little_box, cheibrodos_sewer_entry_bend
D:5:      layout_basic, nzn_hepliaklqana_mist_gate,
          gammafunk_ghost_gnarly_gnolls, hangedman_decor_riveting, st_stairs_11
D:6:      layout_rooms, kennysheep_generic_room_10, uniq_pikel,
          uniq_blork_the_orc

Skill      XL: |  1  2  3  4  5  6  7  8 |
---------------+-------------------------+-----
Axes           | 3 4 6 7 9 |  9.4
Armour         | 2 3 |  3.0
Fighting       | 3 4 |  4.1
Throwing       | |  1.0
Dodging        | |  2.1
Spellcasting   | |  2.0
Translocations | |  2.4

Action                   |  1- 3 |  4- 6 |  7- 9 || total
-------------------------+-------+-------+-------++-------
Melee: Hand axe          |    78 |   126 |    58 ||   262
       Peck              |    15 |    23 |    12 ||    50
       Kick              |    16 |    28 |    24 ||    68
       Punch             |       |     1 |     1 ||     2
Throw: Boomerang         |     7 |     6 |    26 ||    39
  Use: Scroll            |     2 |    12 |     4 ||    18
       Potion            |     2 |     1 |     1 ||     4
 Stab: Sleeping          |     1 |       |       ||     1
       Invisible         |       |       |     3 ||     3
Armor: Leather armour    |     6 |       |       ||     6
       Chain mail        |     9 |    43 |    21 ||    73
Dodge: Dodged            |    26 |    38 |     9 ||    73

Table legend:
 A = Non-vault XP
 B = Vault XP
 C = Vault XP percentage of total XP
 D = Non-vault monster count
 E = Vault monster count
 F = Vault count percentage of total count
                 A         B        C        D         E       F
            +---------+---------+-------+---------+---------+-------
      Total |    1093 |     466 |  29.9 |      89 |      15 |  14.4
            +---------+---------+-------+---------+---------+-------
        D:1 |      37 |       7 |  15.9 |      21 |       4 |  16.0
        D:2 |      63 |       7 |  10.0 |      19 |       4 |  17.4
        D:3 |      23 |       0 |   0.0 |      11 |       0 |   0.0
        D:4 |     252 |       5 |   1.9 |      14 |       1 |   6.7
        D:5 |     149 |     447 |  75.0 |      18 |       6 |  25.0
        D:6 |     569 |       0 |   0.0 |       6 |       0 |   0.0
            +---------+---------+-------+---------+---------+-------
